 Dungeon Crawl Stone Soup version 0.31-a0-740-g87205ac768 (webtiles) character file.

Game seed: 4816738123804168047

31 GigaChad the Ducker (level 3, -3/29 HPs)
             Began as a Human Monk on Sept 12, 2023.
             Slain by a gnoll
             ... wielding a +0 club
              (5 damage)
             ... on level 2 of the Dungeon.
             The game lasted 00:01:18 (1129 turns).

GigaChad the Ducker (Human Monk)                    Turns: 1129, Time: 00:01:19

Health: -3/29      AC:  3    Str: 13    XL:     3   Next: 40%
Magic:  3/3        EV: 12    Int: 10    God:
Gold:   113        SH:  0    Dex: 15    Spells: 2/2 levels left

rFire   . . .        a - +0 spear
rCold   . . .        d - orb {light}
rNeg    . . .        f - +0 leather armour
rPois   .            (no helmet)
rElec   .            (no cloak)
rCorr   .            (no gloves)
SInv    .            (no boots)
Will    .....        (no amulet)
Stlth   +            (no ring)
HPRegen 0.24/turn    (no ring)
MPRegen 0.08/turn

%: no passive effects
@: glowing
A: no striking features
a: no special abilities


You were on level 2 of the Dungeon.
You visited 1 branch of the dungeon, and saw 2 of its levels.

You collected 113 gold pieces.

Inventory:

Hand Weapons
 a - a +0 spear (weapon)
Armour
 b - a +0 robe
 d - an orb of light (worn)
 f - a +0 leather armour (worn)
Jewellery
 h - a ring of fire
Scrolls
 g - a scroll of immolation {unknown}
 j - a scroll of identify {unknown}
Potions
 c - a potion of ambrosia
 e - a potion of lignification {unknown}
 i - a potion of invisibility {unknown}
 k - a potion of attraction {unknown}
 l - a potion of cancellation {unknown}


   Skills:
 * Level 3.3 Fighting
 * Level 3.3 Polearms
 * Level 0.5 Armour
 * Level 3.4 Dodging
 * Level 0.5 Stealth


You had 2 spell levels left.
You didn't know any spells.
Your spell library was empty.

Dungeon Overview and Level Annotations

Branches:
Dungeon (2/15)

Altars:


Message History

You hit the gnoll.
The gnoll is severely wounded.
The gnoll barely misses you. The gnoll closely misses you.
The gnoll hits you with a +0 club.
You barely miss the gnoll.
The gnoll is severely wounded.
The gnoll hits you with a +0 club. The gnoll misses you. x2
You hit the gnoll but do no damage.
The gnoll is severely wounded.
The gnoll closely misses you. The gnoll barely misses you. x2
You barely miss the gnoll.
The gnoll is severely wounded.
The gnoll hits you with a +0 club. x3
* * * LOW HITPOINT WARNING * * *
You are too injured to fight recklessly!
You are too injured to fight recklessly!
You are too injured to fight recklessly!
You are too injured to fight recklessly!
You are too injured to fight recklessly!
You are too injured to fight recklessly!
You are too injured to fight recklessly!
You are too injured to fight recklessly!
You are too injured to fight recklessly!
You are too injured to fight recklessly!
You are too injured to fight recklessly!
You are too injured to fight recklessly!
You are too injured to fight recklessly!
You are too injured to fight recklessly!
You are too injured to fight recklessly!
You hit the gnoll.
The gnoll is lightly wounded.
The gnoll closely misses you. The gnoll hits you but does no damage.
The gnoll barely misses you.
Unknown command.
You hit the gnoll.
The gnoll is lightly wounded.
The gnoll barely misses you. The gnoll hits you with a +0 club.
* * * LOW HITPOINT WARNING * * *
The gnoll hits you with a +0 club.
You die...

..#.#.# #.....# #
#.#.#.# ## . ###..†..#
##... #.#.......# #...#
#.#.###..#######..# ...#
#.......?..#
#.###.######.###
#####.....# #@#
..........## #.gggh.....
...............rgh......
#.#.##..................
#.#....####.#..#.#######
#.###### #.#..#.# ..#
.#..#.# ..#### #.....
......


You could see 4 gnolls, 2 jackals and a rat.

Vanquished Creatures
  An adder (D:2)
  A ball python (D:1)
  An endoplasm (D:1)
  A goblin (D:1)
  A hobgoblin (D:2)
  5 jackals
  A quokka (D:2)
  A bat (D:1)
  4 frilled lizards (D:1)
  3 kobolds (D:1)
  3 rats
22 creatures vanquished.

Notes
Turn   | Place    | Note
-------+----------+-------------------------------------------
     0 | D:1      | GigaChad the Human Monk began the quest for the Orb.
     0 | D:1      | Reached XP level 1. HP: 18/18 MP: 1/1
   232 | D:1      | Found a faded altar of an unknown god.
   263 | D:1      | Reached XP level 2. HP: 24/24 MP: 2/2
  1055 | D:2      | Reached XP level 3. HP: 29/29 MP: 3/3
  1129 | D:2      | Slain by a gnoll

Illustrated notes

Levels and vault maps discovered:
D:1:      amcnicky_arrival_double_pillar, layout_basic,
          ebering_ecumenical_altar_petrified, dreamdust_wishing_well,
          kennysheep_another_room
D:2:      layout_loops_ring, serial_glass, glass_columns_a, glass_columns_a,
          glass_columns_a, glass_columns_a, glass_columns_a

Action                     || total
---------------------------++-------
  Melee: Spear             ||    82
 Armour: Leather armour    ||    44
         Robe              ||     2
  Dodge: Dodged            ||    76

Table legend: (Time is in decaauts)
 A = Elapsed time spent in this place.
 B = Non-inter-level travel time spent in this place.
 C = Inter-level travel time spent in this place.
 D = Time resting spent in this place.
 E = Time spent auto-exploring this place.
 F = Levels seen in this place.
 G = Mean time per level.
                   A        B        C        D        E       F      G
               +--------+--------+--------+--------+--------+-----+--------+
         Total |   1123 |   1066 |     57 |      0 |    917 |   2 |  561.5 |
       Dungeon |   1123 |   1066 |     57 |      0 |    917 |   2 |  561.5 |
               +--------+--------+--------+--------+--------+-----+--------+

Top non-repeatable levels by time:
     D:1: 1010 daAuts
     D:2: 113 daAuts
